3AAA
SALT LAKE CITY BUZZ @ HAMILTON THUNDERBIRDS
05/31/2052
 
TOP OF THE 1ST
Salt Lake City Buzz batting - Pitching for Hamilton Thunderbirds : LHP Vernon Álvarez
Pitching: LHP Vernon Álvarez
Batting: RHB Kevin Sanders 0-0: Swinging Strike
0-1: Ground out 6-3 (Groundball, 6, EV 90.0 MPH)
Batting: LHB James Carroll 0-0: Ball
1-0: Ball
2-0: Called Strike
2-1: Ball
3-1: Foul Ball, location: 2F
3-2: Foul Ball, location: 2F
3-2: SINGLE (Line Drive, 8LS, EV 112.5 MPH)
Batting: RHB Colm Reyes 0-0: Ball
1-0: Fly out, F8 (Flyball, 8RD, EV 108.8 MPH)
Batting: LHB Taroemon Nishii 0-0: Called Strike
James Carroll steals 2nd base
0-1: Foul Ball, location: 2F
0-2: Ball
1-2: Ball
2-2: Foul Ball, location: 2F
2-2: Foul Ball, location: 2F
2-2: DOUBLE (Flyball, 8LXD, EV 104.4 MPH)
James Carroll scores
Batting: RHB Mariano Cabral 0-0: Ball
1-0: Ball
2-0: Ball
3-0: Swinging Strike
3-1: Called Strike
3-2: Strikes out swinging
Top of the 1st over - 1 run, 2 hits, 0 errors, 1 left on base; Salt Lake City 1 - Hamilton 0
BOTTOM OF THE 1ST
Hamilton Thunderbirds batting - Pitching for Salt Lake City Buzz : LHP Mochihito Sato
Pitching: LHP Mochihito Sato
Batting: LHB Austin Kirkpatrick 0-0: Called Strike
0-1: Swinging Strike
0-2: Ball
1-2: Foul Ball, location: 2F
1-2: Ball
2-2: Ball
3-2: Base on Balls
Batting: RHB Ron Johnson 0-0: Fly out, F9 (Line Drive, 9, EV 96.9 MPH)
Batting: LHB Tyler Adams 0-0: Hit by Pitch
Austin Kirkpatrick to second
Batting: RHB Oliver Jordan 0-0: Ball
1-0: Ball
2-0: Called Strike
2-1: Ball
3-1: Foul Ball, location: 2F
3-2: Fly out, F9 (Flyball, 9LSF, EV 76.9 MPH)
Batting: LHB Justin George 0-0: Swinging Strike
0-1: Swinging Strike
0-2: Ball
1-2: Foul Ball, location: 2F
1-2: Ball
2-2: SINGLE (Groundball, 3D, EV 99.4 MPH)
Austin Kirkpatrick to third
Tyler Adams to second
Runner from 3rd tries for Home, throw by RF and OUT! 9-2
Bottom of the 1st over - 0 runs, 1 hit, 0 errors, 2 left on base; Salt Lake City 1 - Hamilton 0
TOP OF THE 2ND
Salt Lake City Buzz batting - Pitching for Hamilton Thunderbirds : LHP Vernon Álvarez
Batting: LHB Braxton Cottongame 0-0: Called Strike
0-1: Foul Ball, location: 2F
0-2: Foul Ball, location: 2F
0-2: Strikes out looking
Batting: RHB Nick Yeend 0-0: Ball
1-0: Ball
2-0: Called Strike
2-1: Ball
3-1: Ground out 6-3 (Groundball, 6, EV 100.6 MPH)
Batting: RHB Jay-man Yu 0-0: Called Strike
0-1: Swinging Strike
0-2: Fly out, F3 (Popup, 3SF, EV 90.0 MPH)
Top of the 2nd over - 0 runs, 0 hits, 0 errors, 0 left on base; Salt Lake City 1 - Hamilton 0
BOTTOM OF THE 2ND
Hamilton Thunderbirds batting - Pitching for Salt Lake City Buzz : LHP Mochihito Sato
Batting: SHB Ed Reese 0-0: Foul Ball, location: 2F
0-1: Fly out, F9 (Flyball, 9S, EV 84.4 MPH)
Batting: LHB Tom Rollins 0-0: Called Strike
0-1: Ball
1-1: Ball
2-1: Foul Ball, location: 2F
2-2: Strikes out swinging
Batting: RHB Flynn Ford 0-0: Ball
1-0: Called Strike
1-1: Foul Ball, location: 2F
1-2: Foul Ball, location: 2F
1-2: Ball
2-2: Strikes out swinging
Bottom of the 2nd over - 0 runs, 0 hits, 0 errors, 0 left on base; Salt Lake City 1 - Hamilton 0
TOP OF THE 3RD
Salt Lake City Buzz batting - Pitching for Hamilton Thunderbirds : LHP Vernon Álvarez
Batting: LHB Robert Montgomery 0-0: Hit by Pitch
Batting: RHB Kevin Sanders 0-0: Called Strike
0-1: Ball
1-1: Swinging Strike
1-2: Foul Ball, location: 2F
1-2: Strikes out swinging
Batting: LHB James Carroll 0-0: SINGLE (Line Drive, 8RS, EV 95.0 MPH)
Robert Montgomery to second
Batting: RHB Colm Reyes 0-0: Grounds into double play, 4-6-3 (Groundball, 4S, EV 83.1 MPH)
Top of the 3rd over - 0 runs, 1 hit, 0 errors, 1 left on base; Salt Lake City 1 - Hamilton 0
BOTTOM OF THE 3RD
Hamilton Thunderbirds batting - Pitching for Salt Lake City Buzz : LHP Mochihito Sato
Batting: RHB Rubén Plumey 0-0: Called Strike
0-1: Ball
1-1: Ball
2-1: Fly out, F8 (Flyball, 8RM, EV 93.8 MPH)
Batting: LHB Austin Kirkpatrick 0-0: Ball
1-0: Ground out 4-3 (Groundball, 4, EV 103.8 MPH)
Batting: RHB Ron Johnson 0-0: Ball
1-0: Fly out, F8 (Line Drive, 8LD, EV 91.2 MPH)
Bottom of the 3rd over - 0 runs, 0 hits, 0 errors, 0 left on base; Salt Lake City 1 - Hamilton 0
TOP OF THE 4TH
Salt Lake City Buzz batting - Pitching for Hamilton Thunderbirds : LHP Vernon Álvarez
Batting: LHB Taroemon Nishii 0-0: Called Strike
0-1: Foul Ball, location: 2F
0-2: Strikes out swinging
Batting: RHB Mariano Cabral 0-0: Ball
1-0: Ball
2-0: Foul Ball, location: 2F
2-1: Ball
3-1: Base on Balls
Batting: LHB Braxton Cottongame 0-0: Called Strike
0-1: Ball
1-1: Called Strike
1-2: Strikes out swinging
Batting: RHB Nick Yeend 0-0: Called Strike
0-1: Foul Ball, location: 2F
0-2: Strikes out swinging
Top of the 4th over - 0 runs, 0 hits, 0 errors, 1 left on base; Salt Lake City 1 - Hamilton 0
BOTTOM OF THE 4TH
Hamilton Thunderbirds batting - Pitching for Salt Lake City Buzz : LHP Mochihito Sato
Batting: LHB Tyler Adams 0-0: Fly out, F3 (Popup, 34S, EV 73.8 MPH)
Batting: RHB Oliver Jordan 0-0: Ball
1-0: Ball
2-0: Foul Ball, location: 2F
2-1: Foul Ball, location: 2F
2-2: Fly out, F9 (Flyball, 9LM, EV 95.6 MPH)
Batting: LHB Justin George 0-0: Ball
1-0: Called Strike
1-1: Foul Ball, location: 2F
1-2: Ball
2-2: Ball
3-2: Foul Ball, location: 2F
3-2: Ground out 6-3 (Groundball, P, EV 86.9 MPH)
Bottom of the 4th over - 0 runs, 0 hits, 0 errors, 0 left on base; Salt Lake City 1 - Hamilton 0
TOP OF THE 5TH
Salt Lake City Buzz batting - Pitching for Hamilton Thunderbirds : LHP Vernon Álvarez
Batting: RHB Jay-man Yu 0-0: Swinging Strike
0-1: Swinging Strike
0-2: Ball
1-2: Strikes out swinging
Batting: LHB Robert Montgomery 0-0: Called Strike
0-1: Called Strike
0-2: Ball
1-2: Ball
2-2: Foul Ball, location: 2F
2-2: Foul Ball, location: 2F
2-2: Strikes out swinging
Batting: RHB Kevin Sanders 0-0: Ball
1-0: Foul Ball, location: 2F
1-1: Fly out, F9 (Flyball, 9S, EV 77.5 MPH)
Top of the 5th over - 0 runs, 0 hits, 0 errors, 0 left on base; Salt Lake City 1 - Hamilton 0
BOTTOM OF THE 5TH
Hamilton Thunderbirds batting - Pitching for Salt Lake City Buzz : LHP Mochihito Sato
Batting: SHB Ed Reese 0-0: SINGLE (Groundball, 34D, EV 93.8 MPH)
Batting: LHB Tom Rollins 0-0: Called Strike
Ed Reese steals 2nd, throwing error, E2
Ed Reese to third
0-1: Ball
1-1: Ball
2-1: Ground out U3 (Groundball, 3, EV 95.0 MPH)
Batting: RHB Flynn Ford 0-0: Ball
1-0: Foul Ball, location: 2F
1-1: Fly out, F7 (Flyball, 78S, EV 91.9 MPH)
Batting: RHB Rubén Plumey 0-0: Called Strike
0-1: Ball
1-1: Ball
2-1: Swinging Strike
2-2: Strikes out swinging
Bottom of the 5th over - 0 runs, 1 hit, 1 error, 1 left on base; Salt Lake City 1 - Hamilton 0
TOP OF THE 6TH
Salt Lake City Buzz batting - Pitching for Hamilton Thunderbirds : LHP Vernon Álvarez
Batting: LHB James Carroll 0-0: Ball
1-0: Ball
2-0: Called Strike
2-1: Swinging Strike
2-2: Strikes out swinging
Batting: RHB Colm Reyes 0-0: Swinging Strike
0-1: Called Strike
0-2: Ball
1-2: Fly out, F7 (Flyball, 78S, EV 80.0 MPH)
Batting: LHB Taroemon Nishii 0-0: SINGLE (Line Drive, 4D, EV 95.0 MPH)
Batting: RHB Mariano Cabral 0-0: Fly out, F8 (Flyball, 8RD, EV 82.5 MPH)
Top of the 6th over - 0 runs, 1 hit, 0 errors, 1 left on base; Salt Lake City 1 - Hamilton 0
BOTTOM OF THE 6TH
Hamilton Thunderbirds batting - Pitching for Salt Lake City Buzz : LHP Mochihito Sato
Batting: LHB Austin Kirkpatrick 0-0: Ball
1-0: Ball
2-0: SINGLE (Flyball, 8LS, EV 96.2 MPH)
Batting: RHB Ron Johnson 0-0: Sac Bunt to 3S - play at first, batter OUT! 3-4
Austin Kirkpatrick to second
Batting: LHB Tyler Adams 0-0: Called Strike
0-1: SINGLE (Line Drive, 78M, EV 91.9 MPH)
Austin Kirkpatrick to third
Batting: RHB Oliver Jordan 0-0: Called Strike
0-1: Foul Ball, location: 2F
0-2: Ball
1-2: Foul Ball, location: 2F
1-2: Fly out, F9 (Flyball, 9, EV 81.9 MPH)
Batting: SHB Greg Erwin 0-0: Foul Ball, location: 2F
0-1: Foul Ball, location: 2F
0-2: Ball
1-2: Strikes out swinging
Bottom of the 6th over - 0 runs, 2 hits, 0 errors, 2 left on base; Salt Lake City 1 - Hamilton 0
TOP OF THE 7TH
Salt Lake City Buzz batting - Pitching for Hamilton Thunderbirds : LHP Vernon Álvarez
Batting: LHB Braxton Cottongame 0-0: Ball
1-0: Ball
2-0: Called Strike
2-1: Foul Ball, location: 2F
2-2: Strikes out looking
Pitching: RHP Willie Wooton
Batting: RHB Nick Yeend 0-0: Called Strike
0-1: Called Strike
0-2: Ball
1-2: Ball
2-2: Foul Ball, location: 2F
2-2: Foul Ball, location: 2F
2-2: Ball
3-2: Strikes out looking
Batting: RHB Jay-man Yu 0-0: Ball
1-0: Called Strike
1-1: Ball
2-1: Reached on error, E6 (Groundball, 6, EV 97.5 MPH)
Batting: LHB Robert Montgomery 0-0: Ball
1-0: Fly out, F4 (Popup, 4S, EV 83.1 MPH)
Top of the 7th over - 0 runs, 0 hits, 1 error, 1 left on base; Salt Lake City 1 - Hamilton 0
BOTTOM OF THE 7TH
Hamilton Thunderbirds batting - Pitching for Salt Lake City Buzz : LHP Mochihito Sato
Pitching: RHP Eldon Williams
Batting: SHB Ed Reese 0-0: Ball
1-0: Ball
2-0: Called Strike
2-1: Called Strike
2-2: Strikes out looking
Batting: LHB Tom Rollins 0-0: Called Strike
0-1: Ball
1-1: Foul Ball, location: 2F
1-2: Ball
2-2: Strikes out swinging
Batting: RHB Flynn Ford 0-0: Foul Ball, location: 2F
0-1: Ball
1-1: Ball
2-1: Ground out 4-3 (Groundball, 34, EV 98.8 MPH)
Bottom of the 7th over - 0 runs, 0 hits, 0 errors, 0 left on base; Salt Lake City 1 - Hamilton 0
TOP OF THE 8TH
Salt Lake City Buzz batting - Pitching for Hamilton Thunderbirds : RHP Willie Wooton
Batting: RHB Kevin Sanders 0-0: Ball
1-0: Called Strike
1-1: Ball
2-1: SINGLE (Flyball, 8LS, EV 86.9 MPH)
Batting: LHB James Carroll 0-0: Ball
Kevin Sanders steals 2nd, throwing error, E2
Kevin Sanders to third
1-0: Intentional Walk
Batting: RHB Colm Reyes 0-0: Ball
1-0: Ball
2-0: Called Strike
2-1: Ball
3-1: Ground out 6-3 (Groundball, 6, EV 107.5 MPH)
James Carroll to second
Batting: LHB Taroemon Nishii 0-0: Intentional Walk
Batting: RHB Mariano Cabral 0-0: Foul Ball, location: 2F
0-1: Grounds into fielders choice 6-2 (Groundball, 6S, EV 64.4 MPH)
James Carroll to third
Taroemon Nishii to second
Batting: LHB Braxton Cottongame 0-0: Ball
1-0: Ball
2-0: Fly out, F7 (Flyball, 7D, EV 98.8 MPH)
Top of the 8th over - 0 runs, 1 hit, 1 error, 3 left on base; Salt Lake City 1 - Hamilton 0
BOTTOM OF THE 8TH
Hamilton Thunderbirds batting - Pitching for Salt Lake City Buzz : RHP Eldon Williams
Pinch Hitting: LHB Román Ramos 0-0: Ball
1-0: Ball
2-0: Fly out, F7 (Flyball, 78S, EV 92.5 MPH)
Batting: LHB Austin Kirkpatrick 0-0: Called Strike
0-1: Foul Ball, location: 2F
0-2: Strikes out looking
Batting: RHB Ron Johnson 0-0: Ball
1-0: Fly out, F4 (Popup, 34S, EV 80.6 MPH)
Bottom of the 8th over - 0 runs, 0 hits, 0 errors, 0 left on base; Salt Lake City 1 - Hamilton 0
TOP OF THE 9TH
Salt Lake City Buzz batting - Pitching for Hamilton Thunderbirds : RHP Willie Wooton
Now at SS: Jon Branch
Batting: RHB Nick Yeend 0-0: Fly out, F5 (Popup, 5, EV 63.8 MPH)
Pinch Hitting: SHB Anthony Potter 0-0: SINGLE (Groundball, 4MD, EV 106.2 MPH)
Pitching: LHP Darwin Donovan
Pinch Hitting: RHB Oliver Maisanaba 0-0: Called Strike
0-1: Called Strike
0-2: Ball
Anthony Potter is caught stealing 2nd base 2-4
1-2: Strikes out swinging
Top of the 9th over - 0 runs, 1 hit, 0 errors, 0 left on base; Salt Lake City 1 - Hamilton 0
BOTTOM OF THE 9TH
Hamilton Thunderbirds batting - Pitching for Salt Lake City Buzz : RHP Eldon Williams
Pitching: RHP Martín Cedeño
Now at 3B: Andrew Rijerkerk
Now at SS: Júlio Martínez
Batting: LHB Tyler Adams 0-0: Ball
1-0: Ball
2-0: Ball
3-0: Called Strike
3-1: Fly out, F8 (Flyball, 8LD, EV 92.5 MPH)
Batting: RHB Oliver Jordan 0-0: Ball
1-0: Ball
2-0: SOLO HOME RUN (Flyball, 78XD, EV 102.5 MPH), Distance : 390 ft
Batting: SHB Greg Erwin 0-0: Swinging Strike
0-1: Ball
1-1: Foul Ball, location: 2F
1-2: Strikes out swinging
Batting: SHB Ed Reese 0-0: Called Strike
0-1: Ball
1-1: Foul Ball, location: 2F
1-2: Ball
2-2: Foul Ball, location: 2F
2-2: Ball
3-2: Strikes out swinging
Bottom of the 9th over - 1 run, 1 hit, 0 errors, 0 left on base; Salt Lake City 1 - Hamilton 1
TOP OF THE 10TH
Salt Lake City Buzz batting - Pitching for Hamilton Thunderbirds : LHP Darwin Donovan
Pitching: RHP Gregory Gilbert
Batting: RHB Kevin Sanders 0-0: Ball
1-0: Ball
2-0: Ball
3-0: Base on Balls
Batting: LHB James Carroll 0-0: Ball
1-0: Ball
2-0: Sac Bunt to 15S - play at first, batter OUT! 1-3
Kevin Sanders to second
Batting: RHB Colm Reyes 0-0: Ground out 5-3 (Groundball, 5, EV 101.9 MPH)
Batting: LHB Taroemon Nishii 0-0: Intentional Walk
Pinch Hitting: LHB Juan Martínez 0-0: Ball
1-0: Called Strike
1-1: Foul Ball, location: 2F
1-2: Strikes out swinging
Top of the 10th over - 0 runs, 0 hits, 0 errors, 2 left on base; Salt Lake City 1 - Hamilton 1
BOTTOM OF THE 10TH
Hamilton Thunderbirds batting - Pitching for Salt Lake City Buzz : RHP Martín Cedeño
Now at 2B: Colm Reyes
Now in LF: Juan Martínez
Batting: LHB Tom Rollins 0-0: Ball
1-0: Swinging Strike
1-1: Ball
2-1: Ball
3-1: Foul Ball, location: 2F
3-2: Strikes out looking
Pinch Hitting: RHB Lorenzo Morales 0-0: Called Strike
0-1: Ground out 6-3 (Groundball, 56D, EV 106.2 MPH)
Batting: RHB Jon Branch 0-0: Called Strike
0-1: Fly out, F5 (Popup, 5, EV 73.1 MPH)
Bottom of the 10th over - 0 runs, 0 hits, 0 errors, 0 left on base; Salt Lake City 1 - Hamilton 1
TOP OF THE 11TH
Salt Lake City Buzz batting - Pitching for Hamilton Thunderbirds : RHP Gregory Gilbert
Now at C: Abdul-Alim Nadeem
Batting: LHB Braxton Cottongame 0-0: Called Strike
0-1: Foul Ball, location: 2F
0-2: Foul Ball, location: 2F
0-2: Ball
1-2: Foul Ball, location: 2F
1-2: Ball
2-2: Ground out U3 (Groundball, 3, EV 105.0 MPH)
Batting: RHB Nick Yeend 0-0: Ball
1-0: Swinging Strike
1-1: Foul Ball, location: 2F
1-2: Strikes out swinging
Batting: RHB Andrew Rijerkerk 0-0: Ball
1-0: Foul Ball, location: 2F
1-1: Ball
2-1: TRIPLE (Flyball, 9LD, EV 95.6 MPH)
Batting: SHB Júlio Martínez 0-0: Ground out 4-3 (Groundball, 4, EV 93.1 MPH)
Top of the 11th over - 0 runs, 1 hit, 0 errors, 1 left on base; Salt Lake City 1 - Hamilton 1
BOTTOM OF THE 11TH
Hamilton Thunderbirds batting - Pitching for Salt Lake City Buzz : RHP Martín Cedeño
Batting: LHB Austin Kirkpatrick 0-0: Ball
1-0: Ball
2-0: Called Strike
2-1: Foul Ball, location: 2F
2-2: Ball
3-2: Base on Balls
Batting: RHB Ron Johnson 0-0: Sac Bunt to 13 - play at first, batter OUT! 1-3
Austin Kirkpatrick to second
Batting: LHB Tyler Adams 0-0: Intentional Walk
Batting: RHB Oliver Jordan 0-0: Foul Ball, location: 2F
0-1: Foul Ball, location: 2F
0-2: Ball
1-2: Strikes out looking
Batting: SHB Greg Erwin 0-0: Called Strike
0-1: SINGLE (Line Drive, 9S, EV 108.1 MPH)
Austin Kirkpatrick to third
Tyler Adams to second
Runner from 3rd tries for Home, SAFE, throw by RF to home
Bottom of the 11th over - 1 run, 1 hit, 0 errors, 2 left on base; Salt Lake City 1 - Hamilton 2
Tuesday, October 10th , 2023 - OOTP Baseball 23.10 Build 110